Unix NetHack Version 3.7.0-51 Work-in-progress - last build Mar 8 2022 00:06:52 (ce1e6a145e5d3e7dd6f4b57ba37794bc207988de,branch:master). Game began 2022-03-15 16:00:11, ended 2022-03-30 16:32:50. wbn, chaotic male elven Ranger --- --..| --...- ....... .--....... .............. ............... ....|.. ......... -...|.. ....>... |................ -...(.......... -........ G..... |...G. --G... |...'- |..)@| |G.--- ---- Wbn the Trailblazer St:15 Dx:10 Co:16 In:15 Wi:13 Ch:9 Chaotic S:5890 Dlvl:9 $:508 HP:0(48) Pw:42(42) AC:10 Xp:7/1238 T:3978 Latest messages: The gnome turns to flee. The gnome picks up a dagger. The rope golem turns to flee. The gnome turns to flee. The gnome wields a dagger! The gnome shoots an arrow! You are hit by an arrow! You stop waiting. The rope golem turns to flee. The gnome shoots an arrow! The arrow hits the rope golem. The gnome turns to flee. The gnome lord turns to flee. The gnome turns to flee. The gnome picks up an arrow. The gnome turns to flee. The gnome throws a dagger! You are hit by a dagger. Elf, your life force is running out. You stop waiting. The rope golem turns to flee. The gnome turns to flee. The rope golem turns to flee. The gnome lord turns to flee. The rope golem turns to flee. The gnome wields a dagger! The gnome turns to flee. The gnome turns to flee. The gnome throws a dagger! You are hit by a dagger. The gnome turns to flee. The gnome turns to flee. The gnome lord turns to flee. The gnome turns to flee. What do you want to read? [cghjpsxAC or ?*] C As you read the scroll, it disappears. You shudder for a moment. Are you waiting to get hit? Use 'm' prefix to force a no-op (to rest). What do you want to write with? [- abek-mzBDHK or ?*] - You write in the dust with your fingertip. What do you want to write in the dust here? Elbereth The rope golem hits! The rope golem hits! The rope golem grabs you! You die... Do you want your possessions identified? [ynq] (y) y Do you want to see your attributes? [ynq] (y) y Do you want an account of creatures vanquished? [ynaq] (y) y Do you want to see your conduct and achievements? [ynq] (y) y Do you want to see the dungeon overview? [ynq] (y) y Major events: Turn 1: wbn the chaotic male elven Ranger entered the dungeon 475: entered the Gnomish Mines 476: attained the rank of Lookout (level 3) 1258: reached Mine Town 1264: attained the rank of Trailblazer (level 6) 3978: killed by a rope golem Inventory: Coins $ - 508 gold pieces Weapons K - 2 +0 crossbow bolts e - 4 +2 elven arrows b - a +1 elven bow (alternate weapon; not wielded) B - a +1 dart H - a cursed -1 dart D - 4 cursed -2 darts z - a +0 shuriken m - a cursed -2 dagger a - a +1 elven dagger (weapon in hand) Comestibles w - an uncursed clove of garlic y - an uncursed cream pie F - an uncursed food ration f - 4 uncursed lembas wafers i - an uncursed tripe ration Scrolls h - an uncursed scroll of blank paper s - a blessed scroll of create monster g - an uncursed scroll of genocide p - 2 uncursed scrolls of identify x - an uncursed scroll of magic mapping c - an uncursed scroll of punishment Spellbooks j - an uncursed spellbook of dig A - an uncursed spellbook of magic missile Tools l - a cursed magic marker (0:48) G - a +0 pick-axe I - an uncursed skeleton key r - an uncursed tin whistle Gems/Stones k - an uncursed worthless piece of orange glass Wbn the Ranger's attributes: Background: You were a Trailblazer, a level 7 male elven Ranger. You were chaotic, on a mission for Mars who was opposed by Mercury (lawful) and Venus (neutral). You were in the Gnomish Mines, on level 9. You entered the dungeon 3978 turns ago. You had 1238 experience points, 42 more were needed to attain level 8. Your score was 5890 before end-of-game adjustments. Basics: You had 0 out of 48 hit points. You had all 42 energy points (spell power). Your armor class was 10. Your wallet contained 508 zorkmids. Autopickup was off. Final Characteristics: Your strength was 15 (limit:18). Your dexterity was 10 (limit:18). Your constitution was 16 (limit:16). Your intelligence was 15 (limit:20). Your wisdom was 13 (limit:20). Your charisma was 9 (limit:18). Final Status: You were held by a rope golem (north). You were not hungry. You were unencumbered. You were wielding a dagger. You had basic skill with dagger. You were not wearing any armor. Final Attributes: You were piously aligned. You were sleep resistant. You had automatic searching. You had infravision. You were stealthy. You are dead. Miscellaneous: You never encountered a bones level. Total elapsed playing time was 1 hour, 50 minutes and 7 seconds. Vanquished creatures: 3 giant spiders a rock piercer 3 rock moles a pony a yellow light 10 gnome leaders 2 gnomish wizards a little dog 15 dwarves 9 hill orcs 5 rothes a monkey 3 dwarf zombies 2 iguanas 4 hobbits a large kobold a hobgoblin 7 giant rats 3 cave spiders 52 gnomes 3 geckos 5 jackals a fox 3 goblins 2 sewer rats 4 bats 3 lichens 2 newts 148 creatures vanquished. No species were genocided or became extinct. Voluntary challenges: You read items or engraved 8 times. You engraved Elbereth 4 times. You never genocided any monsters. You never polymorphed an object. You never changed form. You used no wishes. Achievements: You entered the Gnomish Mines. You attained the rank of Lookout. You entered Minetown. You entered a shop. You attained the rank of Trailblazer. You entered a temple. The Dungeons of Doom: levels 1 to 2 Level 1: A fountain, a sink, a grave. Level 2: Stairs down to The Gnomish Mines. The Gnomish Mines: levels 3 to 9 Level 3: Level 4: Level 5: Many shops, a temple to Mars, many fountains. Level 6: Level 7: Level 8: Level 9: <- You were here. Final resting place for you, killed by a rope golem. Game over: ---------- / \ / REST \ / IN \ / PEACE \ / \ | wbn | | 508 Au | | killed by a rope | | golem | | | | | | 2022 | *| * * * | * _________)/\\_//(\/(/\)/\//\/|_)_______ Goodbye wbn the Ranger... You died in The Gnomish Mines on dungeon level 9 with 5840 points, and 508 pieces of gold, after 3978 moves. You were level 7 with a maximum of 48 hit points when you died.